AoeStats
← Thanathoz130

Arabian Desert

510640394Analyzed
1v1 RM · 1d ago on Oct 1, 2026· 21m 16s· 2 players
Game mode
Random Map
Map size
Tiny (2 player)
Population
200
Speed
Normal
Resources
Standard
Victory
Conquest
Starting age
Dark Age
Ending age
Imperial Age
RankedLock teamsTeams togetherTeam positionsShared explorationLock speedFull tech treeHidden civsTurbo modeCheats
Victory
Defeat
🇨🇦 Goths · Canada
1378
+16
🇲🇽 Cumans · Mexico
1378
-16
Thanathoz130
6:07 Loom
6:45 Loom
9:03 Feudal Age
9:42 Double-Bit Axe
13:28 Fletching
我很菜
1:31 Loom
9:00 Feudal Age
9:05 Man-at-Arms
12:33 Double-Bit Axe
15:10 Padded Archer Armor
16:07 Fletching
21:09 Castle Age
19:40 Horse Collar
21:11 Elite Skirmisher
Connection lost

Rejoining the realm…

Still unreachable

The connection could not be restored.

Session expired

The server has moved on; the page needs a fresh start.